 Dungeon Crawl Stone Soup version 0.29.0-4-gdea44cf6ec (webtiles) character file.

Game seed: 17590951953138297279

1 qw the Sneak (level 1, -1/14 HPs)
             Began as a Gargoyle Delver on Sept 10, 2022.
             Slain by Pikel
             ... wielding a +2 whip of electrocution
              (4 damage)
             ... on level 4 of the Dungeon.
             The game lasted 00:00:02 (220 turns).

qw the Sneak (Gargoyle Delver)                       Turns: 220, Time: 00:00:03

Health: -1/14      AC:  5    Str: 15    XL:     1   Next: 20%
Magic:  1/1        EV: 11    Int: 10    God:
Gold:   0          SH:  0    Dex: 11    Spells: 0/0 levels left

rFire   . . .      SeeInvis .   a - +0 hand axe
rCold   . . .      Faith    .   (no shield)
rNeg    + . .      Spirit   .   b - +0 leather armour
rPois   inf        Reflect  .   (no helmet)
rElec   +          Harm     .   (no cloak)
rCorr   .          Rampage  .   (no gloves)
Will    .....                   (no boots)
Stlth   +++.......              (no amulet)
HPRegen 0.04/turn               (no ring)
MPRegen 0.07/turn               (no ring)

@: no status effects
A: sickness immunity, AC +2, negative energy resistance 1, electricity
resistance, torment resistance 1, petrification resistance
a: no special abilities


You were on level 4 of the Dungeon.
You visited 1 branch of the dungeon, and saw 2 of its levels.


Innate Abilities, Weirdness & Mutations

You are immune to sickness and miasma.
Your stone body is resilient. (AC +2)
You are immune to poison.
You resist negative energy. (rN+)
You are resistant to electric shocks. (rElec)
You are resistant to unholy torment.
You are immune to petrification.


   Skills:
 - Level 3.2 Fighting
 + Level 1.9 Axes
 - Level 1.5 Dodging
 - Level 5.4 Stealth


You couldn't memorise any spells.
You didn't know any spells.
Your spell library was empty.

Inventory:

Hand Weapons
 a - a +0 hand axe (weapon)
Armour
 b - a +0 leather armour (worn)
Wands
 g - a wand of digging (3)
Potions
 f - a potion of haste

Dungeon Overview and Level Annotations

Branches:
Dungeon (5/15)
 Temple: D:4-7

Altars:

Annotations:
D:4 Pikel


Message History

The quokka bites you.
You closely miss the quokka.
The quokka is almost dead.
The quokka barely misses you.
You hit the quokka.
You kill the quokka!
You start resting.
HP restored.
You see here a ring of poison resistance.
A lemure comes into view.
The lemure shouts!
A goblin comes into view. It is wielding a +0 dagger.
Pikel, Merchant of Souls comes into view.
He is wielding a +2 whip of electrocution.
214 ||| Stepping ~*~*~tactically~*~*~ (stealth).
You hit the lemure but do no damage. The lemure hits you.
You hit the lemure.
The lemure is lightly wounded.
A lemure comes into view.
The lemure hits you.
217 ||| Stepping ~*~*~tactically~*~*~ (stealth).
The lemure attacks as you move away! The lemure barely misses you.
A lemure comes into view.
A lemure comes into view.
Pikel shouts!
The lemure shouts! x2
You hit the lemure but do no damage.
The lemure is lightly wounded.
The lemure closely misses you. The lemure hits you. Pikel closely misses you.
The lemure shouts!
You hit the lemure but do no damage.
The lemure is lightly wounded.
You hit Pikel but do no damage. The lemure hits you.
Pikel hits you with a +2 whip of electrocution.
You barely miss the lemure.
The lemure is lightly wounded.
You closely miss Pikel. The lemure misses you.
Pikel hits you with a +2 whip of electrocution.
You die...

### .#....
#...g..... #...
.... #... ...
####.5. ..
#.....# 5#
#.....##K#
#....55@.# #
#.....#########.#
####.#........#.#
#.#..........##
#.#....=.......
#.#............
#.#............
#.#....>.......
#..............


You could see Pikel and 3 lemures.

Vanquished Creatures
  A quokka (D:4)
1 creature vanquished.

Notes
Turn   | Place    | Note
-------+----------+-------------------------------------------
     0 | D:5      | qw the Gargoyle Delver began the quest for the Orb.
     0 | D:5      | Reached XP level 1. HP: 14/14 MP: 1/1
     0 | D:5      | 0 ||| qw: Version: 0.1-a-116-g5d60599
     0 | D:5      | 0 ||| qw: Game counter: 8234
     0 | D:5      | 0 ||| qw: Always use a shield: true
     0 | D:5      | 0 ||| qw: God list: Okawaru
     0 | D:5      | 0 ||| qw: Allow faded altars: false
     0 | D:5      | 0 ||| qw: Do Orc after D:15 true
     0 | D:5      | 0 ||| qw: Do second Lair branch before Depths: true
     0 | D:5      | 0 ||| qw: Lair rune preference: random
     0 | D:5      | 0 ||| qw: Plans: Normal
     0 | D:5      | 0 ||| PLANNING D:1-11
     0 | D:5      | 0 ||| DROPPING scroll of fog.
     1 | D:5      | 1 ||| DROPPING scroll of magic mapping.
     2 | D:5      | 2 ||| DROPPING scroll of fear.
   206 | D:4      | Noticed a lemure
   213 | D:4      | Noticed Pikel
   214 | D:4      | 214 ||| Stepping ~*~*~tactically~*~*~ (stealth).
   216 | D:4      | Noticed a lemure
   217 | D:4      | 217 ||| Stepping ~*~*~tactically~*~*~ (stealth).
   217 | D:4      | Noticed a lemure
   217 | D:4      | Noticed a lemure
   219 | D:4      | HP: 3/14 [Pikel/+2 whip of electrocution (3)]
   220 | D:4      | Slain by Pikel

Levels and vault maps discovered:
D:4:      layout_basic, eino_small_chamber_without_monster, uniq_pikel,
          uniq_duvessa, uniq_robin
D:5:      layout_loops_cross, kennysheep_mini, kennysheep_decorative_pillar,
          kennysheep_path_1, corexii_shack, hangedman_decor_diamond_cutter,
          amethyst_killhole, chequers_serial_rivers_large_a

Action                   || total
-------------------------++-------
Melee: Hand axe          ||    12
Dodge: Dodged            ||     9

Table legend:
 A = Non-vault XP
 B = Vault XP
 C = Vault XP percentage of total XP
 D = Non-vault monster count
 E = Vault monster count
 F = Vault count percentage of total count
                 A         B        C        D         E       F
            +---------+---------+-------+---------+---------+-------
      Total |       2 |       0 |   0.0 |       1 |       0 |   0.0
            +---------+---------+-------+---------+---------+-------
        D:4 |       2 |       0 |   0.0 |       1 |       0 |   0.0
            +---------+---------+-------+---------+---------+-------
